 Dungeon Crawl Stone Soup version 0.28.0-53-g5a82cb258f (webtiles) character file.

Game seed: 13752539398734646540

16 Zeld the Firebug (level 2, 0/15 HPs)
             Began as a Deep Elf Fire Elementalist on May 22, 2022.
             Slain by a jackal (1 damage)
             ... on level 1 of the Dungeon.
             The game lasted 00:00:58 (933 turns).

Zeld the Firebug (Deep Elf Fire Elementalist)        Turns: 933, Time: 00:00:58

Health: 0/15       AC:  2    Str:  5    XL:     2   Next: 37%
Magic:  2/8        EV: 12    Int: 19    God:
Gold:   23         SH:  0    Dex: 15    Spells: 5/8 levels left

rFire   . . .      SeeInvis .   (no weapon)
rCold   . . .      Faith    .   (no shield)
rNeg    . . .      Spirit   .   a - +0 robe
rPois   .          Reflect  .   (no helmet)
rElec   .          Harm     .   (no cloak)
rCorr   .          Rampage  .   (no gloves)
Will    .....                   (no boots)
Stlth   ++........              (no amulet)
HPRegen 0.05/turn               (no ring)
MPRegen 0.11/turn               (no ring)

@: no status effects
A: no striking features
a: no special abilities


You were on level 1 of the Dungeon.
You visited 1 branch of the dungeon, and saw 1 of its levels.

You collected 23 gold pieces.

Inventory:

Armour
 a - a +0 robe (worn)
Scrolls
 d - a scroll of summoning {unknown}
 e - a scroll of teleportation {unknown}
Potions
 b - a potion of resistance {unknown}
 c - a potion of magic {unknown}


   Skills:
 - Level 2.4 Dodging
 - Level 2.4 Stealth
 * Level 3.5 Spellcasting
 + Level 1.5 Conjurations
 * Level 3.6 Fire Magic


You had 5 spell levels left.
You knew the following spells:

 Your Spells              Type           Power      Damage    Failure   Level
a - Foxfire               Conj/Fire      52%        2x1d6     4%          1
b - Scorch                Fire           34%        2d7       4%          2

Your spell library contained the following spells:

 Spells                   Type           Power      Damage    Failure   Level
 Conjure Flame            Conj/Fire      13%        6-21      14%         3
 Inner Flame              Hex/Fire       10%        N/A       21%         3
 Flame Wave               Conj/Fire      13%        2d6       43%         4


Dungeon Overview and Level Annotations

Branches:
Dungeon (1/15)

Altars:

Shops:
D:1 [


Message History

The jackal is lightly wounded.
The jackal completely misses you. The jackal barely misses you.
You hit the jackal.
The jackal is lightly wounded.
The jackal misses you.
You hit the jackal but do no damage.
The jackal is lightly wounded.
The jackal barely misses you.
You barely miss the jackal.
The jackal is lightly wounded.
The jackal bites you.
The rat twitches its whiskers.
The jackal bites you.
You hit the jackal.
The jackal is moderately wounded.
The jackal closely misses you.
You hit the jackal.
The jackal is severely wounded.
The jackal completely misses you. The jackal closely misses you.
You hit the jackal but do no damage.
The jackal is severely wounded.
The jackal misses you.
You barely miss the jackal.
The jackal is heavily wounded.
The jackal barely misses you.
You hit the jackal but do no damage.
The jackal is heavily wounded.
The jackal bites you.
* * * LOW HITPOINT WARNING * * *
The jackal bites you but does no damage.
You miss the jackal.
The jackal is heavily wounded.
The jackal bites you.
* * * LOW HITPOINT WARNING * * *
Casting: Scorch (safe; 4% risk of failure)
Confirm with . or Enter, or press ? or * to list all spells.
Flames lash the rat.
You kill the rat!
The jackal barely misses you. The jackal bites you.
You die...

..............# #.#
..(#.#†###.#### #.# ...).#.#
#.# #.######## #.####.# #.#
#......... #.# #.# #.#
#..####### #.# #.# #.# #..#
#.####.###.# #..######
...........############..##...#
...###..........@hSrJB......#.#
#).# #.†###.#.#######.........#
#..# #..##.###v## #.##.#.####..
...# #.......##.# #.#.....J.J..
##.# ##.##.#.#.## #.#.......)..
#.......## #.#.>.....#.#
#####..## #.#.......... #..#
#.#.......##. #..# #.#.......#


You could see an endoplasm, a quokka, a jackal, a giant cockroach and a ball
python.

Vanquished Creatures
  A dart slug (D:1)
  A ball python (D:1)
  A bat (D:1)
  2 endoplasms (D:1)
  A giant cockroach (D:1)
  2 goblins (D:1)
  2 quokkas (D:1)
  A kobold (D:1)
  A rat (D:1)
12 creatures vanquished.

Vanquished Creatures (others)
  43 foxfires (D:1)
43 creatures vanquished.

Grand Total: 55 creatures vanquished

Notes
Turn   | Place    | Note
-------+----------+-------------------------------------------
     0 | D:1      | Zeld the Deep Elf Fire Elementalist began the quest for the
                  | Orb.
     0 | D:1      | Reached XP level 1. HP: 10/10 MP: 6/6
     1 | D:1      | Noticed an electric eel
   206 | D:1      | Found Fooces's Antique Armour Boutique.
   677 | D:1      | Reached XP level 2. HP: 7/15 MP: 0/8
   680 | D:1      | Learned a level 2 spell: Scorch
   933 | D:1      | Slain by a jackal

Illustrated notes

Levels and vault maps discovered:
D:1:      arrival_aquarium_a, layout_loops_ring, serial_shops, shop,
          minmay_tromino_v4_a

Action                   || total
-------------------------++-------
Melee: Unarmed           ||    32
       Punch             ||     1
 Cast: Foxfire           ||    33
       Scorch            ||     6
 Stab: Sleeping          ||     1
Armor: Robe              ||    10
Dodge: Dodged            ||    45
